 Dungeon Crawl Stone Soup version 0.17.1-3-g152610e (webtiles) character file.

56 MrTails the Skirmisher (level 3, -3/24 HPs)
             Began as a Gargoyle Fighter on Feb 24, 2016.
             Killed from afar by Crazy Yiuf (5 damage)
             ... with a wand of magic darts
             ... on level 3 of the Dungeon.
             The game lasted 00:01:55 (1393 turns).

MrTails the Skirmisher (Gargoyle Fighter)           Turns: 1393, Time: 00:01:55

Health: -3/24      AC: 11    Str: 20    XL:     3   Next: 95%
Magic:  3/3        EV:  7    Int:  8    God:
Gold:   184        SH:  9    Dex:  9    Spells: 0 memorised, 2 levels left

rFire  . . .     SeeInvis .     a - +0 war axe
rCold  . . .     Clarity  .     b - +0 scale mail
rNeg   + . .     SustAt   .     c - +0 shield
rPois  ∞         Gourm    .     (no helmet)
rElec  +         Spirit   .     (no cloak)
rCorr  .         Warding  .     k - +0 pair of gloves
rMut   .         Stasis   .     (no boots)
MR     .....                    (no amulet)
Stlth  ..........               (no ring)
                                (no ring)

@: not resistant to hostile enchantments, extremely unstealthy
A: negative energy resistance 1, electricity resistance, unbreathing,
petrification resistance, rot immunity, AC +3
a: no special abilities


You were on level 3 of the Dungeon.
You were not hungry.

You visited 1 branch of the dungeon, and saw 3 of its levels.

You collected 184 gold pieces.

Inventory:

Hand Weapons
 a - a +0 war axe (weapon)
Armour
 b - a +0 scale mail (worn)
 c - a +0 shield (worn)
 k - a +0 pair of gloves (worn)
 v - a +0 cloak
Jewellery
 s - a +4 ring of evasion {unknown}
 u - a +5 ring of evasion {unknown}
Scrolls
 f - 2 scrolls of magic mapping {unknown}
 g - 2 scrolls of remove curse {unknown}
 l - a scroll of enchant armour {unknown}
 q - 4 scrolls of teleportation {unknown}
 r - 2 scrolls of amnesia {unknown}
 t - a scroll of enchant weapon {unknown}
Potions
 d - 3 potions of might
 h - a potion of haste {unknown}
 i - 2 potions of mutation {unknown}
 j - a potion of agility {unknown}
 m - 2 potions of curing {unknown}
 p - a potion of heal wounds {unknown}
Comestibles
 e - 3 bread rations
 n - a slice of pizza
 o - a beef jerky


   Skills:
 + Level 3.9 Fighting
 * Level 2.6 Axes
 + Level 3.6 Armour
 + Level 3.7 Shields


You had 2 spell levels left.
You didn't know any spells.

Dungeon Overview and Level Annotations

Branches:
Dungeon (3/15)

Altars:
Makhleb
Nemelex Xobeh
Vehumet

Annotations:
D:3 Crazy Yiuf


Innate Abilities, Weirdness & Mutations

You are resistant to torment.
Your stone body is resilient (AC +3).
You are immune to poison.
You resist negative energy.
You are resistant to electric shocks.
You can survive without breathing.
You are immune to petrification.
You are immune to rotting.


Message History

You see here a cloak.
v - a cloak You start resting.
You slash Crazy Yiuf!
Crazy Yiuf is severely wounded.
You block Crazy Yiuf's attack.
You closely miss Crazy Yiuf.
Crazy Yiuf is severely wounded.
Crazy Yiuf sings, "Trees, trees, trees, circus!"
Crazy Yiuf zaps a wand.
The magic dart hits you!
Crazy Yiuf zaps a wand.
The magic dart hits you!
You closely miss Crazy Yiuf.
Crazy Yiuf is severely wounded.
Crazy Yiuf zaps a wand.
The magic dart hits you!
You hit Crazy Yiuf.
Crazy Yiuf is severely wounded.
Crazy Yiuf zaps a wand.
The magic dart hits you!
* * * LOW HITPOINT WARNING * * *
Crazy Yiuf zaps a wand.
The magic dart hits you!
You die...

#### ### ..... ..# #####
#....#.# #...# #....#.#
######...#
##....#.####........######
........g@................
#..#..#.####.##.##..###.##
#..#.........#...#####...#
#..#...#.....†.⌠.......⌠..
#..#.........#...#####...#
#..#..##.....##.## ##.##
#.....##......#.# #.#
#.....##......#.# #.#
#.....#######g#.# #.#


You could see Crazy Yiuf.

Vanquished Creatures
  2 adders
  An ooze (D:1)
  A giant gecko (D:2)
  An orc (D:3)
  A bat (D:2)
  3 goblins (D:1)
  2 hobgoblins
  8 kobolds
  A ball python (D:3)
  3 giant cockroaches (D:1)
  3 giant newts (D:2)
  7 rats
33 creatures vanquished.

Notes
Turn   | Place    | Note
--------------------------------------------------------------
     0 | D:1      | MrTails the Gargoyle Fighter began the quest for the Orb.
     0 | D:1      | Reached XP level 1. HP: 14/14 MP: 1/1
   162 | D:1      | Reached XP level 2. HP: 19/19 MP: 2/2
   654 | D:2      | Found a sparkling altar of Nemelex Xobeh.
   666 | D:2      | Reached XP level 3. HP: 20/24 MP: 3/3
  1050 | D:2      | Found a burning altar of Makhleb.
  1050 | D:2      | Found a radiant altar of Vehumet.
  1355 | D:3      | Noticed Crazy Yiuf
  1393 | D:3      | Killed from afar by Crazy Yiuf

Action                   || total
-------------------------++-------
Melee: War axe           ||    98
  Eat: Chunk             ||     2
